AoeStats
← pabloms8

Arena

505079647Analyzed
2v2 RM · 25d ago on Sep 7, 2026· 46m 44s· 4 players
Game mode
Random Map
Map size
Medium (4 player)
Population
200
Speed
Normal
Resources
Standard
Victory
Conquest
Starting age
Dark Age
Ending age
Imperial Age
RankedLock teamsTeams togetherTeam positionsShared explorationLock speedFull tech treeHidden civsTurbo modeCheats
Victory
Defeat
🇪🇸 Spanish · Spain
822
+18
🇪🇸 Turks · Spain
822
+18
🇨🇱 Franks · Chile
892
-19
🇨🇱 Bohemians · Chile
840
-17
pabloms8
11:17 Feudal Age
15:54 Castle Age
13:48 Double-Bit Axe
15:14 Loom
16:50 Bow Saw
18:17 Horse Collar
24:56 Wheelbarrow
28:41 Imperial Age
29:11 Fletching
32:52 Forging
32:48 Scale Barding Armor
35:40 Conscription
40:04 Bloodlines
39:54 Husbandry
46:45 Two-Man Saw
46:09 Town Watch
47:35 Chain Barding Armor
47:50 Iron Casting
perrusco
13:01 Feudal Age
14:15 Double-Bit Axe
17:18 Castle Age
22:16 Horse Collar
34:55 Imperial Age
32:46 Loom
33:37 Wheelbarrow
33:28 Pikeman
34:09 Squires
36:07 Halberdier
38:35 Chemistry
38:01 Scale Barding Armor
38:06 Forging
37:57 Scale Mail Armor
43:03 Chain Barding Armor
43:18 Iron Casting
42:58 Chain Mail Armor
47:03 Bloodlines
46:53 Husbandry
46:14 Light Cavalry
46:15 Cavalier
albert130893
0:41 Loom
10:33 Feudal Age
11:12 Double-Bit Axe
18:31 Castle Age
17:19 Town Watch
18:12 Wheelbarrow
19:41 Bow Saw
24:16 Fletching
25:13 Redemption
27:57 Sanctity
33:09 Imperial Age
37:31 Forging
37:22 Scale Mail Armor
37:30 Scale Barding Armor
39:13 Husbandry
38:36 Cavalier
40:15 Iron Casting
39:56 Chain Mail Armor
46:01 Blast Furnace
45:32 Plate Mail Armor
wowmiqui
6:26 Loom
10:03 Feudal Age
11:00 Double-Bit Axe
17:40 Castle Age
16:30 Forging
16:25 Scale Barding Armor
16:31 Scale Barding Armor
18:45 Gold Mining
20:01 Bow Saw
22:14 Husbandry
27:51 Iron Casting
28:06 Gold Shaft Mining
31:18 Elite Skirmisher
34:10 Wheelbarrow
36:36 Hand Cart
36:07 Town Watch
36:16 Loom
40:26 Imperial Age
40:32 Cavalier
42:30 Blast Furnace
41:51 Chain Barding Armor
43:19 Paladin
45:00 #83
Connection lost

Rejoining the realm…

Still unreachable

The connection could not be restored.

Session expired

The server has moved on; the page needs a fresh start.